Map: Ruins of Endion

Players

Florencio - Winner!

  • Race: Protoss Protoss

Sisu

  • Race: Protoss Protoss
  • League: Silver

VOD

Have the link to the VOD?

Description

Time

  • Played on: July 10, 2016, 2:34 p.m.
  • Length: 17:47
Show
View Real Time Build Order
Export as new Build Order

Florencio Protoss - Winner!

Build Orders:  

Get SALT Encoding   

  12  0:01  Probe (Chrono Boost)  
  13  0:12  Probe (Chrono Boost)  
  14  0:23  Probe (Chrono Boost)  
  14  0:24  Pylon  
  15  0:42  Probe (Chrono Boost)  
  16  0:44  Gateway  
  16  0:47  Assimilator  
  16  0:52  Assimilator  
  16  0:54  Probe (Chrono Boost)  
  17  1:05  Probe (Chrono Boost)  
  17  1:09  Pylon  
  18  1:15  Probe (Chrono Boost)  
  19  1:26  Probe (Chrono Boost)  
  20  1:34  Cybernetics Core  
  20  1:36  Probe (Chrono Boost)  
  22  1:47  Probe (Chrono Boost)  
  22  2:00  Pylon  
  22  2:06  Probe (Chrono Boost)  
  23  2:13  Robotics Facility  
  23  2:16  Sentry  
  25  2:25  Probe (Chrono Boost)  
  26  2:42  Sentry  
  28  2:44  Pylon  
  28  2:50  Gateway  
  28  2:53  Pylon  
  28  3:00  Mothership Core (Chrono Boost)  
  28  3:02  Immortal  
  34  3:16  Sentry  
  36  3:38  Sentry  
  38  3:47  Pylon  
  38  3:48  Pylon  
  38  3:52  Immortal  
  38  3:54  Zealot  
  44  4:04  Zealot  
  46  4:13  Nexus  
  46  4:31  Immortal (Chrono Boost)  
  46  4:35  Sentry  
  52  4:38  Zealot  
  52  4:43  Pylon  
  53  5:00  Gateway  
  53  5:22  Pylon  
  53  5:24  Stalker x2  
  57  5:28  Probe  
  57  5:30  Pylon  
  57  5:32  Probe  
  59  5:39  Probe  
  60  5:44  Probe  
  60  5:49  Probe  
  48  6:27  Stalker x2  
  48  6:28  Stalker  
  54  6:48  Immortal (Chrono Boost)  
  58  6:57  Stalker x2  
  58  6:58  Stalker  
  58  7:27  Stalker x2  
  54  7:32  Stalker  
  54  7:36  Immortal (Chrono Boost), Probe x2  
  61  7:41  Assimilator  
  62  7:46  Assimilator  
  62  7:47  Probe  
  62  7:48  Probe  
  62  7:49  Pylon  
  62  7:51  Pylon  
  64  7:52  Pylon  
  64  7:57  Probe, Stalker x2  
  69  8:08  Probe x2  
  71  8:15  Stalker  
  71  8:18  Probe  
  73  8:20  Probe  
  75  8:27  Stalker x2  
  71  9:19  Warp Prism (Chrono Boost)  
  71  9:23  Stargate  
  73  9:25  Stargate  
  73  9:27  Stargate  
  73  9:29  Zealot x2, Pylon  
  73  9:30  Zealot  
  79  9:40  Probe  
  79  9:45  Nexus  
  80  9:48  Pylon  
  80  9:53  Pylon  
  86  10:09  Void Ray x2  
  86  10:11  Void Ray  
  86  10:13  Probe  
  63  10:52  Void Ray x2  
  63  10:53  Probe  
  63  10:54  Void Ray  
  72  11:04  Probe  
  72  11:05  Assimilator  
  72  11:08  Probe  
  74  11:11  Assimilator  
  74  11:12  Probe  
  74  11:14  Probe  
  76  11:18  Probe  
  76  11:24  Probe  
  78  11:29  Probe  
  79  11:44  Void Ray  
  79  11:45  Void Ray x2  
  91  11:48  Probe  
  92  11:58  Probe  
  93  12:09  Probe  
  94  12:19  Probe  
  95  12:27  Void Ray x3  
  107  12:33  Zealot  
  107  12:34  Zealot x2  
  113  12:38  Pylon, Probe  
  113  12:40  Pylon  
  113  12:42  Pylon  
  114  12:49  Probe  
  115  12:59  Probe  
  115  13:00  Zealot  
  115  13:01  Zealot x2  
  122  13:10  Probe  
  123  13:20  Probe  
  123  13:24  Void Ray x3  
  136  13:48  Zealot  
  138  13:53  Twilight Council  
  138  14:06  Void Ray x2  
  138  14:07  Void Ray  
  150  14:47  Zealot  
  150  14:48  Zealot x2  
  150  14:49  Void Ray x2  
  150  14:50  Charge  
  164  14:53  Nexus  
  164  14:56  Pylon  
  164  14:59  Pylon  
  164  15:00  Void Ray  
  164  15:02  Assimilator  
  164  15:04  Assimilator  
  162  15:15  Zealot x3  
  162  15:20  Probe  
  169  15:30  Probe  
  169  15:32  Void Ray x2  
  178  15:41  Probe  
  178  15:42  Zealot x3  
  185  15:51  Probe  
  186  16:09  Zealot x2  
  190  16:36  Zealot x2  
Show
View Real Time Build Order
Export as new Build Order

Sisu Protoss 

Build Orders: 1 Gate Expand 

Get SALT Encoding   

  12  0:02  Probe (Chrono Boost)  
  13  0:12  Probe (Chrono Boost)  
  14  0:24  Probe (Chrono Boost)  
  14  0:26  Pylon  
  15  0:45  Probe (Chrono Boost)  
  15  0:46  Gateway  
  16  0:51  Assimilator  
  16  0:53  Assimilator  
  16  0:55  Probe (Chrono Boost)  
  17  1:06  Probe (Chrono Boost)  
  18  1:17  Probe (Chrono Boost)  
  19  1:36  Nexus  
  19  1:38  Probe (Chrono Boost)  
  20  1:50  Cybernetics Core  
  20  1:54  Probe (Chrono Boost)  
  21  2:05  Probe (Chrono Boost)  
  22  2:13  Pylon  
  23  2:15  Probe (Chrono Boost)  
  23  2:23  Gateway  
  23  2:31  Probe (Chrono Boost)  
  24  2:38  Warp Gate  
  24  2:42  Mothership Core (Chrono Boost)  
  26  2:46  Gateway  
  26  2:54  Gateway  
  27  2:58  Probe (Chrono Boost)  
  27  3:01  Probe (Chrono Boost)  
  28  3:16  Probe x2 (Chrono Boost)  
  28  3:19  Sentry  
  32  3:21  Adept  
  32  3:26  Probe (Chrono Boost)  
  35  3:32  Probe (Chrono Boost)  
  36  3:36  Adept  
  36  3:37  Probe (Chrono Boost)  
  39  3:43  Pylon  
  39  3:44  Probe (Chrono Boost)  
  40  3:50  Stalker  
  40  3:52  Adept, Sentry  
  46  4:01  Probe x2 (Chrono Boost)  
  48  4:05  Assimilator  
  48  4:07  Assimilator  
  48  4:13  Pylon  
  48  4:16  Probe (Chrono Boost)  
  49  4:17  Probe (Chrono Boost)  
  49  4:23  Pylon  
  49  4:26  Gateway  
  49  4:27  Probe (Chrono Boost)  
  49  4:28  Probe (Chrono Boost)  
  49  4:30  Phoenix  
  51  4:35  Forge  
  52  4:38  Probe (Chrono Boost)  
  52  4:40  Probe (Chrono Boost)  
  53  4:48  Adept x2  
  53  4:50  Adept  
  59  4:53  Sentry  
  59  4:59  Probe (Chrono Boost)  
  62  5:00  Probe (Chrono Boost)  
  63  5:09  Protoss Ground Weapons Level 1 (Chrono Boost)  
  63  5:11  Twilight Council  
  63  5:14  Photon Cannon  
  63  5:19  Zealot x2  
  67  5:26  Photon Cannon  
  67  5:32  Photon Cannon  
  67  5:39  Stalker  
  69  5:47  Pylon  
  63  6:10  Zealot x3  
  63  6:11  Zealot x2  
  67  6:13  Resonating Glaives  
  62  6:19  Nexus  
  59  6:47  Pylon  
  59  6:49  Pylon  
  59  6:51  Pylon  
  57  7:05  Stalker  
  51  7:29  Adept x2  
  51  7:35  Probe  
  52  7:37  Nexus  
  52  7:46  Sentry x2  
  52  7:47  Sentry  
  58  7:55  Probe (Chrono Boost)  
  59  8:02  Phoenix  
  59  8:05  Templar Archives  
  59  8:19  Charge (Chrono Boost)  
  59  8:22  Zealot  
  61  8:34  Zealot  
  61  8:36  Zealot  
  65  8:47  Protoss Ground Armor Level 1 (Chrono Boost)  
  65  8:50  Probe  
  65  8:52  Probe  
  65  9:06  High Templar x3  
  65  9:07  High Templar  
  65  9:09  Zealot  
  69  9:10  Archon  
  69  9:11  Mothership Core, Archon  
  67  9:17  Probe  
  68  9:30  Probe  
  69  9:40  Adept  
  69  9:44  Zealot x3  
  77  9:45  Zealot  
  77  9:52  Probe  
  79  9:53  Probe  
  81  10:10  High Templar x4  
  81  10:12  Adept  
  91  10:14  Archon  
  91  10:15  Archon  
  85  10:47  Templar Archives  
  85  10:49  Gateway  
  85  10:56  Nexus  
  83  10:58  Pylon  
  83  11:03  Probe  
  84  11:06  Pylon  
  84  11:11  Protoss Ground Weapons Level 2 (Chrono Boost)  
  84  11:18  Stalker  
  86  11:20  Stalker  
  88  11:33  Pylon  
  88  11:45  High Templar x2  
  92  11:47  Zealot  
  92  11:49  High Templar x2  
  92  11:50  Archon  
  98  11:55  Archon  
  98  12:04  Photon Cannon  
  98  12:07  Pylon  
  98  12:11  Pylon  
  98  12:20  Probe  
  98  12:21  Probe  
  98  12:22  Pylon  
  100  12:25  High Templar x2  
  100  12:28  Zealot x2  
  108  12:30  Zealot  
  108  12:31  Archon, Probe  
  108  12:35  Probe  
  108  12:37  Probe  
  113  12:47  Stalker  
  113  12:49  Probe  
  113  12:50  Probe  
  117  12:54  Probe  
  114  12:59  Photon Cannon, Probe  
  115  13:06  Stalker  
  115  13:10  Assimilator  
  115  13:12  Stalker  
  116  13:20  Stalker  
  116  13:25  Cybernetics Core  
  118  13:45  Photon Cannon  
  118  13:46  Pylon  
  118  13:53  Pylon  
  118  13:55  Pylon  
  118  13:58  Pylon  
  118  14:08  Stalker  
  118  14:09  Stalker x3  
  126  14:18  Stalker  
  126  14:43  Pylon  
  126  14:44  Pylon  
  126  14:56  Photon Cannon  
  126  15:18  Pylon  
  126  15:22  Nexus  
  126  15:24  Pylon  
  126  15:29  Pylon  
  126  15:59  Pylon  
  126  16:00  Pylon  
  126  16:06  Pylon  
  126  16:07  Pylon  
  126  16:19  Pylon  
  125  16:34  Probe  
  126  16:42  High Templar  
  126  16:43  High Templar x3  
  116  17:03  Assimilator  
  116  17:06  Dark Shrine  
  116  17:08  Assimilator  
  114  17:12  Nexus  
  114  17:15  Pylon  
  96  17:16  Pylon  
Tags
 
Add a new tag
Caveats
  • Supply blocks, unpowered buildings, or Contaminate may cause inaccurate times.
  • Supply counts are checked every 10 seconds.